 Dungeon Crawl Stone Soup version 0.25.0-1-g7eea58d2a3 (webtiles) character file.

Game seed: 14094374926947980284

30342 Lanoc the Martial Artist (level 13, -18/110 HPs)
             Began as a Centaur Transmuter on June 14, 2020.
             Was a High Priest of Nemelex Xobeh.
             Killed from afar by a deep elf mage (25 damage)
             ... with a bolt of lightning
             ... on level 14 of the Dungeon.
             The game lasted 00:46:20 (23684 turns).

Lanoc the Martial Artist (Centaur Transmuter)      Turns: 23684, Time: 00:46:21

Health: -18/110    AC: 12    Str: 12    XL:     13   Next: 20%
Magic:  20/20      EV: 15    Int: 17    God:    Nemelex Xobeh [*****.]
Gold:   697        SH:  0    Dex: 13    Spells: 4/15 levels left

rFire    . . .     SeeInvis +   e - +11 dagger of Hepliaklqana's Pride {elec, MR- Int+2 SInv}
rCold    + . .     Gourm    .   (no shield)
rNeg     . . .     Faith    .   q - +0 robe {MR+}
rPois    .         Spirit   .   G - +2 hat {MR+}
rElec    .         Reflect  .   (no cloak)
rCorr    .         Harm     .   (no gloves)
MR       +....                  b - +2 centaur barding
Stlth    +.........             (no amulet)
HPRegen  0.28/turn              s - +4 ring of evasion
MPRegen  0.17/turn              w - ring of protection from cold

@: very quick
A: large, hooves 3, deformed body, speed 2, tough skin 3
a: Draw Escape, Draw Destruction, Draw Summoning, Triple Draw, Deal Four, Stack
Five, Renounce Religion


You were on level 14 of the Dungeon.
You worshipped Nemelex Xobeh.
Nemelex Xobeh was extremely pleased with you.
You were not hungry.

You visited 2 branches of the dungeon, and saw 15 of its levels.

You collected 955 gold pieces.
You spent 258 gold pieces at shops.

Inventory:

Hand Weapons
 e - the +11 dagger of Hepliaklqana's Pride (weapon) {elec, MR- Int+2 SInv}
   (You took it off a big kobold on level 7 of the Dungeon)

   Occasionally, upon striking a foe, it will discharge some electrical energy
   and cause terrible harm.
   It affects your intelligence (+2).
   It affects your resistance to hostile enchantments.
   It lets you see invisible.
 m - a +0 shortbow
Missiles
 a - 213 arrows
 h - 307 stones (quivered)
 t - 174 bolts
 v - 92 sling bullets
Armour
 b - a +2 centaur barding (worn)
 q - a +0 robe of magic resistance (worn)
 G - a +2 hat of magic resistance (worn)
Jewellery
 s - a +4 ring of evasion (left hand)
 w - a ring of protection from cold (right hand)
 z - an uncursed ring of flight
Wands
 r - a wand of flame (83)
 E - a wand of polymorph (12)
Scrolls
 c - 3 scrolls of identify
 f - 3 scrolls of fog
 i - 4 scrolls of teleportation
 k - 2 scrolls of magic mapping
 o - a scroll of blinking
 y - 2 scrolls of enchant armour
 A - 3 scrolls of enchant weapon
 C - 3 scrolls of fear
 D - a scroll of amnesia
 F - a scroll of remove curse
Potions
 g - 3 potions of flight
 j - 2 potions of invisibility
 l - 3 potions of mutation
 n - 4 potions of brilliance
 p - 2 potions of cancellation
 u - 2 potions of lignification
 x - 3 potions of curing
 B - a potion of stabbing
 H - a potion of might
 J - a potion of degeneration {unknown}
Comestibles
 d - 27 rations
 I - 5 chunks of flesh


   Skills:
 + Level 8.9 Fighting
 + Level 6.7 Dodging
 * Level 12.3 Unarmed Combat
 - Level 1.5 Spellcasting
 * Level 11.2 Transmutations
 + Level 9.4 Invocations


You had 4 spell levels left.
You knew the following spells:

 Your Spells              Type           Power        Failure   Level  Hunger
a - Beastly Appendage     Tmut           #####.       1%          1    ##.....
b - Sticks to Snakes      Tmut           #####...     1%          2    ###....
c - Spider Form           Tmut/Pois      ###.......   6%          3    ####...
d - Blade Hands           Tmut           #####.....   5%          5    ######.

Your spell library contained the following spells:

 Spells                   Type           Power        Failure   Level  Hunger
 Sting                    Tmut/Pois      ###.         1%          1    ##.....
 Ignite Poison            Fire/Tmut/Pois ##......     13%         3    ####...
 Magic Dart               Conj           #...         21%         1    ##.....
 Ice Form                 Ice/Tmut       ###.....     21%         4    #####..
 Poisonous Vapours        Pois/Air       #.....       30%         2    ###....
 Searing Ray              Conj           #.....       30%         2    ###....
 Dazzling Flash           Conj/Hex       #.....       52%         3    ####...
 Mephitic Cloud           Conj/Pois/Air  #.......     52%         3    ####...
 Recall                   Summ/Tloc      N/A          52%         3    ####...
 Fulminant Prism          Conj/Hex       #.........   90%         4    #####..
 Iskenderun's Mystic Bla  Conj/Tloc      #.......     90%         4    #####..
 Olgreb's Toxic Radiance  Pois           #.......     90%         4    #####..
 Aura of Abjuration       Summ           #.........   99%         5    ######.
 Summon Demon             Summ           #.........   99%         5    ######.
 Summon Forest            Summ/Tloc      #.........   99%         5    ######.
 Summon Mana Viper        Hex/Summ       #.......     99%         5    ######.
 Shadow Creatures         Summ           N/A          100%        6    #######


Dungeon Overview and Level Annotations

Branches:
Dungeon (14/15)            Temple (1/1) D:7            Lair (0/6) D:11
    Orc (0/2) D:12         Vaults (0/5) D:13

Altars:
Ashenzari
Cheibriados
Dithmenos
Elyvilon
Fedhas
Gozag
Hepliaklqana
Kikubaaqudgha
Makhleb
Nemelex Xobeh
Okawaru
Qazlal
Ru
Sif Muna
Trog
Uskayaw
Vehumet
Wu Jian
Xom
Yredelemnul
Zin
The Shining One

Shops:
D:6 **:!   D:8 [   D:10 [   D:11 !?=*[   D:12 (   D:13 *   D:14 [

Portals:
Trove: D:14 (show abyssal rune of Zot)


Innate Abilities, Weirdness & Mutations

You have hooves in place of feet.
Armour fits poorly on your strangely shaped body.
You cover ground very quickly.
You have extremely tough skin. (AC +3)


Message History

The deep elf mage hits you but does no damage.
Your -1 quarterstaff of venom hits the deep elf mage!
The deep elf mage mumbles some strange words.
The deep elf mage blinks!
Unknown command.
You puncture the deep elf mage!
You kill the deep elf mage!
Unknown command.
Unknown command.
The deep elf mage points at you and mumbles some strange words.
The bolt of lightning hits you!
* * * LOW HITPOINT WARNING * * *
You puncture the deep elf mage!
Lightning courses through the deep elf mage!
Your kick misses the deep elf mage.
The deep elf mage is heavily wounded.
The deep elf mage points at you and mumbles some strange words.
The bolt of lightning misses you. The bolt of lightning hits you!!
You die...
Your body glows with a rainbow of weird colours and disappears.

+ #..e.# ## #..#.#.#
#... ##.....# ###.
#####.###.# #.......#
###e###### #....>.# #
######e#### .
#.).@(...# #####.
+........#######.....
#...)<...'....##.....
#........####........
#...e....# ####.....
#........# #.....
#........# #.....
####+##### #.....
#....[


You could see 2 deep elf magi and a friendly -1 quarterstaff of venom
(summoned).

Vanquished Creatures
  An ogre mage (D:13)
  4 hydras
  A catoblepas (D:14)
  6 two-headed ogres
  2 unseen horrors
  The ghost of Wanze the Stinger, a novice NaTm of Ashenzari (D:7)
  An ugly thing (D:12)
  2 deep elf magi (D:14)
  A cyclops (D:12)
  2 manticores
  A gargoyle (D:14)
  A komodo dragon (D:11)
  A kobold demonologist (D:11)
  2 tengu conjurers (D:13)
  Prince Ribbit (D:6)
  2 trolls
  3 hippogriffs
  3 slime creatures (D:12)
  A shadow (D:13)
  A vampire (D:14)
  5 wyverns
  16 yaks
  A basilisk (D:13)
  A hungry ghost (D:9)
  A steam dragon (D:14)
  3 vampire mosquitoes (D:13)
  2 soldier ants
  4 orc warriors
  A sky beast (D:11)
  5 ice beasts
  3 phantoms
  An eye of draining (D:11)
  3 ogres
  3 necrophages (D:7)
  A hornet zombie (D:12)
  9 centaurs
  A crocodile (D:12)
  17 big kobolds
  7 bullfrogs
  A wyvern zombie (D:14)
  5 scorpions
  A wyvern skeleton (D:9)
  12 wights
  3 howler monkeys
  An electric eel (D:14)
  5 crimson imps
  5 bullfrog zombies
  4 centaur zombies
  3 bullfrog skeletons
  7 orc priests
  2 gnoll shamans
  9 hounds
  2 jellies
  8 orc wizards
  6 centaur skeletons
  3 iguanas
  Terence (D:3)
  11 worker ants
  A hound zombie (D:6)
  2 mummies (D:7)
  Robin (D:2)
  A howler monkey skeleton (D:6)
  A howler monkey zombie (D:5)
  9 gnolls
  19 adders
  5 shadow imps
  2 oozes
  An adder skeleton (D:4)
  2 adder zombies
  A worm (D:2)
  4 leopard geckos
  29 orcs
  2 ball pythons
  7 bats
  6 giant cockroaches
  10 goblins
  9 hobgoblins
  24 kobolds
  4 quokkas
  4 frilled lizards
  A leopard gecko skeleton (D:7)
  A quokka skeleton (D:7)
  2 quokka zombies (D:7)
  6 rats
  2 withered plants (D:7)
366 creatures vanquished.

Vanquished Creatures (collateral kills)
  Gastronok (D:10)
  A centaur warrior (D:13)
  2 deep elf magi (D:14)
  A troll (D:11)
  A queen bee (D:11)
  A hornet (D:10)
  A yak (D:10)
  A porcupine (D:9)
  3 orc warriors
  A water moccasin (D:8)
  An eye of draining (D:11)
  2 ogres
  A wolf (D:8)
  A boggart (D:11)
  3 bullfrogs
  A killer bee (D:9)
  A wight (D:8)
  A howler monkey (D:9)
  A crimson imp (D:10)
  3 hounds
  An orc wizard (Temple)
  3 worker ants
  An adder (D:5)
  A gnoll (D:6)
  2 orcs
  A quokka (D:6)
37 creatures vanquished.

Vanquished Creatures (others)
  A quokka (D:12)
  2 fungi (D:7)
  2 plants (D:7)
  4 toadstools (D:1)
9 creatures vanquished.

Grand Total: 412 creatures vanquished

Notes
Turn   | Place    | Note
-------+----------+-------------------------------------------
     0 | D:1      | Lanoc the Centaur Transmuter began the quest for the Orb.
     0 | D:1      | Reached XP level 1. HP: 16/16 MP: 3/3
   305 | D:1      | Reached XP level 2. HP: 23/23 MP: 4/4
   927 | D:1      | Reached XP level 3. HP: 24/28 MP: 3/5
  1266 | D:1      | Learned a level 2 spell: Sticks to Snakes
  1727 | D:2      | Found a sparkling altar of Nemelex Xobeh.
  1769 | D:2      | Became a worshipper of Nemelex Xobeh the Trickster
  1970 | D:2      | Received a gift from Nemelex Xobeh
  2331 | D:2      | Reached XP level 4. HP: 33/36 MP: 1/6
  2647 | D:2      | Noticed Robin
  2668 | D:2      | Killed Robin
  2671 | D:2      | Reached skill level 4 in Unarmed Combat
  2680 | D:2      | Reached skill level 1 in Invocations
  3170 | D:3      | Noticed Terence
  3313 | D:3      | Killed Terence
  3313 | D:3      | Reached XP level 5. HP: 9/41 MP: 0/7
  3671 | D:3      | Received a gift from Nemelex Xobeh
  3899 | D:3      | Reached * piety under Nemelex Xobeh
  4252 | D:4      | Received a gift from Nemelex Xobeh
  4363 | D:4      | Found a burning altar of Makhleb.
  4701 | D:4      | Noticed an ogre
  4717 | D:4      | Killed an ogre
  4717 | D:4      | Reached XP level 6. HP: 50/50 MP: 2/8
  4804 | D:4      | Found a blossoming altar of Fedhas.
  5053 | D:5      | Entered Level 5 of the Dungeon
  5613 | D:4      | Reached ** piety under Nemelex Xobeh
  5709 | D:4      | Received a gift from Nemelex Xobeh
  6106 | D:5      | Reached skill level 5 in Unarmed Combat
  6112 | D:5      | Reached XP level 7. HP: 56/56 MP: 9/9
  6633 | D:5      | Found a basalt altar of Yredelemnul.
  6633 | D:5      | Found a hazy altar of Hepliaklqana.
  6638 | D:5      | Found an opulent altar of Gozag.
  6640 | D:5      | Found a bloodstained altar of Trog.
  6641 | D:5      | Found a glowing silver altar of Zin.
  7133 | D:6      | Found Feumia's General Store.
  7143 | D:6      | Bought a scroll of magic mapping for 42 gold pieces
  7200 | D:6      | Learned a level 3 spell: Spider Form
  7359 | D:6      | Found Vuhoec's Assorted Antiques.
  7786 | D:6      | Noticed Prince Ribbit
  7797 | D:6      | Killed Prince Ribbit
  7797 | D:6      | Reached skill level 6 in Unarmed Combat
  7797 | D:6      | Reached skill level 5 in Transmutations
  7797 | D:6      | Reached XP level 8. HP: 27/66 MP: 6/10
  8209 | D:6      | Found Jomehett's Book Shoppe.
  8327 | D:6      | Found Jienan's Distillery.
  8339 | D:6      | Reached *** piety under Nemelex Xobeh
  8610 | D:6      | Got a twisted plate armour
  8621 | D:6      | Identified the cursed +0 plate armour "Gaiwes" {*Drain rC+
                  | Str+5} (You found it on level 6 of the Dungeon)
  8744 | D:7      | Found a staircase to the Ecumenical Temple.
  8749 | Temple   | Entered the Ecumenical Temple
  9144 | D:7      | Noticed a hippogriff
  9172 | D:7      | Killed a hippogriff
  9451 | D:7      | Reached skill level 7 in Unarmed Combat
  9451 | D:7      | Reached XP level 9. HP: 18/72 MP: 8/12
  9562 | D:7      | Received a gift from Nemelex Xobeh
 10451 | D:7      | Received a gift from Nemelex Xobeh
 10570 | D:7      | Found a runed translucent gate.
 10570 | D:7      | Found a runed translucent gate.
 10570 | D:7      | Noticed Wanze's ghost (novice NaTm)
 10570 | D:7      | Identified the +11 dagger of Hepliaklqana's Pride {elec,
                  | MR- Int+2 SInv}
 10571 | D:7      | Found a runed translucent gate.
 10691 | D:7      | Reached skill level 5 in Fighting
 10786 | D:7      | Reached skill level 5 in Invocations
 11100 | D:7      | Reached skill level 8 in Unarmed Combat
 11100 | D:7      | Killed Wanze's ghost
 11100 | D:7      | Reached XP level 10. HP: 81/81 MP: 12/14
 11360 | D:8      | Found Teidayn's Antique Armour Boutique.
 11411 | D:8      | Received a gift from Nemelex Xobeh
 12402 | D:9      | Noticed a two-headed ogre
 12421 | D:9      | Killed a two-headed ogre
 12755 | D:9      | Reached skill level 9 in Unarmed Combat
 12796 | D:9      | Found a hide-covered altar of Uskayaw.
 12945 | D:9      | Received a gift from Nemelex Xobeh
 12955 | D:9      | Reached **** piety under Nemelex Xobeh
 13327 | D:9      | Learned a level 5 spell: Blade Hands
 13363 | D:10     | Entered Level 10 of the Dungeon
 13440 | D:10     | Received a gift from Nemelex Xobeh
 14312 | D:10     | Found Gared's Antique Armour Shop.
 14326 | D:10     | Noticed Gastronok
 14343 | D:10     | Killed Gastronok
 14343 | D:10     | Reached skill level 5 in Dodging
 14343 | D:10     | Reached XP level 11. HP: 32/91 MP: 16/16
 14362 | D:10     | Bought a steaming ring mail for 216 gold pieces
 14372 | D:10     | Identified the cursed +1 ring mail of Tefizi Teyce {rElec
                  | rC- Str+4 Stlth+} (You bought it in a shop on level 10 of
                  | the Dungeon)
 15006 | D:10     | Paralysed by a hornet for 1 turns
 15584 | D:11     | Noticed an unseen horror
 15591 | D:11     | Killed an unseen horror
 15591 | D:11     | Reached skill level 10 in Unarmed Combat
 15652 | D:11     | Found Xyzxos's Jewellery Boutique.
 15663 | D:11     | Found Koeryaw's Magic Scroll Emporium.
 15674 | D:11     | Found Diumelargh's Distillery.
 15698 | D:11     | Noticed an eight-headed hydra
 15983 | D:11     | Killed an eight-headed hydra
 15989 | D:11     | Found Ylideble's General Store.
 16686 | D:11     | Found a staircase to the Lair.
 16725 | D:11     | Received a gift from Nemelex Xobeh
 16835 | D:11     | Got a shimmering mace
 16836 | D:11     | Identified the +3 mace "Tiwyrch" {vorpal, rF- rC++ MP-9
                  | Int+10} (You found it on level 11 of the Dungeon)
 16937 | D:11     | Found Heseazec's Armour Emporium.
 17464 | D:12     | Noticed a soul eater
 17546 | D:12     | Noticed a cyan ugly thing
 17549 | D:12     | Killed a cyan ugly thing
 17993 | D:12     | Noticed an eight-headed hydra
 18149 | D:12     | Killed an eight-headed hydra
 18287 | D:12     | Reached skill level 11 in Unarmed Combat
 18287 | D:12     | Reached XP level 12. HP: 50/100 MP: 18/18
 18655 | D:12     | Reached skill level 10 in Transmutations
 18923 | D:12     | Found a white marble altar of Elyvilon.
 18937 | D:12     | Received a gift from Nemelex Xobeh
 19056 | D:12     | Reached ***** piety under Nemelex Xobeh
 19265 | D:12     | Found Ukovvash's Antique Weapon Emporium.
 19333 | D:12     | Found a staircase to the Orcish Mines.
 19594 | D:13     | Received a gift from Nemelex Xobeh
 19596 | D:13     | Noticed a four-headed hydra
 20489 | D:13     | Noticed a centaur warrior
 20514 | D:13     | Killed a centaur warrior
 20521 | D:13     | HP: 4/101 [centaur[a centaur warrior] (6)]
 20526 | D:13     | HP: 3/101 [centaur/arrow[a centaur warrior] (3)]
 21344 | D:13     | Killed a four-headed hydra
 22006 | D:13     | Received a gift from Nemelex Xobeh
 22140 | D:13     | Found Cuhecs's General Store.
 22183 | D:13     | Noticed a six-headed hydra
 22183 | D:13     | Noticed a two-headed ogre
 22195 | D:13     | Killed a six-headed hydra
 22204 | D:13     | Killed a two-headed ogre
 22228 | D:13     | Found a gate to the Vaults.
 22228 | D:13     | Noticed an ogre mage
 22228 | D:13     | Noticed a two-headed ogre
 22228 | D:13     | Noticed a two-headed ogre
 22229 | D:13     | Noticed a two-headed ogre
 22229 | D:13     | Noticed a two-headed ogre
 22569 | D:13     | Killed an ogre mage
 22580 | D:13     | Killed a two-headed ogre
 22580 | D:13     | Reached skill level 12 in Unarmed Combat
 22591 | D:13     | Killed a two-headed ogre
 22597 | D:13     | Killed a two-headed ogre
 22597 | D:13     | Killed a two-headed ogre
 22597 | D:13     | Reached XP level 13. HP: 33/108 MP: 19/19
 22970 | D:14     | Found Gosomus's Armour Emporium.
 23531 | D:14     | Found a portal to a secret trove of treasure.
 23684 | D:14     | Killed from afar by a deep elf mage

Illustrated notes

Levels and vault maps discovered:
D:1:      ldierk_water_garden, layout_loops_corners
D:2:      layout_basic, old_standard_altar, uniq_robin
D:3:      layout_loops_corners, dk_vineyard_2, uniq_terence
D:4:      layout_rooms, lemuel_round_altar, fedhas_bush_and_centaur_altar,
          first_ration, chequers_serial_rivers_micro_e, minmay_diced_spiral
D:5:      layout_basic, chequers_temple_overflow_minitemple, st_stairs_7
D:6:      layout_loops_ring, serial_shops, nicolae_shop_crystal,
          nicolae_shop_behind_doors, shop_statue, shop, uniq_prince_ribbit1
D:7:      layout_loops_corners, minmay_temple_entry_purple_smoke, serial_undead,
          serial_undead_c, serial_undead_d, serial_undead_c, serial_undead_e,
          gammafunk_ghost_nasty_kobolds, minmay_misc_feat_plants
D:8:      layout_basic, serial_shops, shop_statue, uniq_grum
D:9:      layout_loops_ring, eat_drink_and_be_merry_uskayaw
D:10:     layout_loops_ring, serial_shops, shop, hangedman_pestilent_swarm,
          uniq_gastronok
D:11:     layout_rooms, lair_entry_dummy, serial_co_window_serial,
          co_window_corner_a, co_window_corner_a, co_window_paths_a,
          co_window_corner_a, co_window_paths_b, co_window_unsneaky_path_c,
          co_window_corner_b, co_window_corner_b, co_window_corner_cb,
          serial_shops, shop, nicolae_shop_trees, nicolae_shop_trees, shop,
          shop_fountains
D:12:     layout_gridville, orc_0_dummy, serial_shops, shop, elyvilon_altar_4
D:13:     layout_basic, david_vaults_4, serial_shops,
          nicolae_shop_temple_entry_statues_fountains
D:14:     layout_roguey, serial_shops, shop, nicolae_tso_carved_into_rock,
          trove_entry_hex_spiral, minivault_16, nicolae_alphabet_shops,
          elves_outpost_lemuel
Temple:   nicolae_temple_god_jail

Skill      XL: |  1  2  3  4  5  6  7  8  9 10 11 12 |
---------------+-------------------------------------+-----
Transmutations | 2 3 4 5 6 7 8 9 11 | 11.2
Unarmed Combat | 4 5 6 7 8 9 11 12 | 12.3
Invocations    | 1 2 3 4 5 6 8 9 |  9.4
Fighting       | 2 3 4 5 6 7 8 |  8.9
Dodging        | 2 3 4 5 6 |  6.7
Spellcasting   | |  1.5

Action                   |  1- 3 |  4- 6 |  7- 9 | 10-12 | 13-15 || total
-------------------------+-------+-------+-------+-------+-------++-------
Melee: Unarmed           |   111 |   189 |   295 |    13 |       ||   608
       Kick              |    22 |    41 |    68 |   132 |    19 ||   282
       Headbutt          |     6 |     5 |       |       |       ||    11
       Punch             |       |     2 |     4 |    21 |     4 ||    31
       Dagger            |       |       |       |   604 |    67 ||   671
 Cast: Beastly Appendage |    25 |     8 |       |       |       ||    33
       Sticks to Snakes  |     2 |    18 |    43 |    14 |       ||    77
       Blade Hands       |       |       |       |     2 |       ||     2
Invok: Draw Destruction  |       |       |    18 |    37 |     1 ||    56
       Draw Summoning    |       |       |     1 |     6 |     2 ||     9
       Draw Escape       |       |       |       |     6 |     2 ||     8
       Triple Draw       |       |       |       |     1 |       ||     1
  Use: Potion            |       |     5 |     2 |     5 |     1 ||    13
       Scroll            |       |       |    10 |    10 |       ||    20
 Stab: Distracted        |       |     1 |     3 |     3 |       ||     7
  Eat: Chunk             |     4 |     9 |    15 |    27 |     1 ||    56
       Ration            |       |     1 |     1 |     2 |     1 ||     5
Armor: Robe              |    49 |    58 |    83 |   226 |    24 ||   440
Dodge: Dodged            |    62 |    91 |   138 |   351 |    31 ||   673
